 Dungeon Crawl Stone Soup version 0.23.1 (webtiles) character file.

Game seed: 15203111554987149698

74 PentaManta the Cutter (level 4, 0/29 HPs)
             Began as a Kobold Abyssal Knight on Mar 13, 2019.
             Was a Follower of Lugonu.
             Succumbed to an adder's poison
             ... on level 2 of the Dungeon.
             The game lasted 00:05:09 (1958 turns).

PentaManta the Cutter (Kobold Abyssal Knight)       Turns: 1958, Time: 00:05:10

Health: 0/29       AC:  3    Str: 10    XL:     4   Next: 54%
Magic:  5/5        EV: 14    Int: 13    God:    Lugonu [*.....]
Gold:   98         SH:  0    Dex: 14    Spells: 3/3 levels left

rFire    + . .     SeeInvis .   a - +1 short sword
rCold    + . .     Gourm    .   (shield restricted)
rNeg     . . .     Faith    .   b - +0 leather armour
rPois    +         Spirit   .   (no helmet)
rElec    +         Reflect  .   (no cloak)
rCorr    +         Harm     .   (no gloves)
MR       .....                  (no boots)
Stlth    +.........             (no amulet)
HPRegen  0.09/turn              (no ring)
MPRegen  0.09/turn              (no ring)

@: lethally poisoned (0 -> -3), resistant, very slightly contaminated, invisible
A: small, carnivore
a: Depart the Abyss, Renounce Religion


You were on level 2 of the Dungeon.
You worshipped Lugonu.
Lugonu was aware of your devotion.
You were not hungry.

You visited 1 branch of the dungeon, and saw 2 of its levels.
You visited the Abyss 1 time.

You collected 98 gold pieces.

Inventory:

Hand Weapons
 a - a +1 short sword (weapon)
Missiles
 e - 21 stones (quivered)
Armour
 b - a +0 leather armour (worn)
 l - a +0 buckler
Scrolls
 g - a scroll of teleportation
 h - a scroll of identify
Potions
 j - a potion of resistance
Comestibles
 c - 2 rations


   Skills:
 + Level 4.1 Fighting
 * Level 5.1 Short Blades
 - Level 0.7 Armour
 - Level 2.4 Dodging
 - Level 2.0 Invocations


You had 3 spell levels left.
You didn't know any spells.
Your spell library was empty.

Dungeon Overview and Level Annotations

Branches:
Dungeon (2/15)

Altars:


Innate Abilities, Weirdness & Mutations

You are small and have problems with some larger weapons.
You are carnivorous and can eat meat at any time.


Message History

* * * LOW HITPOINT WARNING * * *
As you read the scroll labeled KUNNULOREH, it crumbles to dust.
You experience a momentary feeling of inescapable doom!
It was a scroll of random uselessness.
* * * LOW HITPOINT WARNING * * *
You feel sick. The adder barely misses you.
As you read the scroll labeled HASAUKHOPSIZO, it crumbles to dust.
It is a scroll of amnesia.
You feel forgetful for a moment. The adder bites you but does no damage.
As you read the scroll labeled OLEHIM GAMUPS, it crumbles to dust.
It is a scroll of identify.
g - a scroll of teleportation The adder bites you.
* * * LOW HITPOINT WARNING * * *
As you read the scroll labeled VYADOE KEUNU, it crumbles to dust.
You feel aware of your surroundings.
It was a scroll of magic mapping.
The adder completely misses you. The adder barely misses you.
You miss the adder.
The adder is lightly wounded.
You die...

*.#####.####.#.#....###.#
#........##.....##.## #.#
#####.......#..(...# #.#
##...##...####.# #.#
#..####.## #.# #.# * #.##
#.# #.# #.# * #.#####.#
#.# #.# *
#.#...#รท#####.####.# *
#.#...@............# *
*,#..S############## *
#,##.## * #.##.#
*********** #....#
*****,,,,,,,,,* ####.#
*,,,,,*******,* #.#
*,***,* *,* #.# *,* *,*
*,# #.#***,***,* *,#


You could see an adder.

Vanquished Creatures
  3 adders (D:2)
  An ooze (D:1)
  A worm (D:2)
  4 dart slugs
  A leopard gecko (D:2)
  2 giant cockroaches (D:1)
  4 goblins
  6 hobgoblins (D:1)
  3 kobolds
  2 bats
  A frilled lizard (D:2)
  4 rats
32 creatures vanquished.

Notes
Turn   | Place    | Note
-------+----------+-------------------------------------------
     0 | Abyss:1  | PentaManta the Kobold Abyssal Knight began the quest for
                  | the Orb.
     0 | Abyss:1  | Reached XP level 1. HP: 14/14 MP: 2/2
    52 | Abyss:1  | Noticed an ancient zyme
    53 | D:1      | Escaped the Abyss
   137 | D:1      | Reached skill level 3 in Short Blades
   144 | D:1      | Reached * piety under Lugonu
   147 | D:1      | Reached XP level 2. HP: 17/19 MP: 3/3
   488 | D:1      | Reached skill level 4 in Short Blades
   488 | D:1      | Reached XP level 3. HP: 18/24 MP: 4/4
   952 | D:2      | HP: 1/24 [worm (7)]
  1307 | D:2      | Reached XP level 4. HP: 14/29 MP: 5/5
  1900 | D:2      | Reached skill level 5 in Short Blades
  1956 | D:2      | HP: 1/29 [adder (1)]
  1958 | D:2      | Succumbed to an adder's poison

Skill      XL: |  1  2  3  4 |
---------------+-------------+-----
Short Blades   | 3 4 5 |  5.1
Fighting       | 4 |  4.1
Armour         | |  0.7
Dodging        | |  2.4
Invocations    | |  2.0

Action                   |  1- 3 |  4- 6 || total
-------------------------+-------+-------++-------
Melee: Short sword       |   115 |    55 ||   170
Throw: Stone             |     5 |     1 ||     6
Invok: Depart the Abyss  |     1 |       ||     1
  Use: Scroll            |       |     4 ||     4
       Potion            |       |     2 ||     2
 Stab: Sleeping          |     1 |       ||     1
  Eat: Chunk             |       |     2 ||     2
       Ration            |       |     1 ||     1
Armor: Leather armour    |    19 |     9 ||    28
Dodge: Dodged            |    51 |    34 ||    85
